 Dungeon Crawl Stone Soup version 0.19-a0-944-gb338e1e (webtiles) character file.

4856 retryentry the Carver (level 10, -1/93 (94) HPs)
             Began as a Black Draconian Fighter on July 8, 2016.
             Was a Follower of Okawaru.
             Engulfed by Maurice the death drake's foul pestilence (12 damage)
             ... on level 8 of the Dungeon.
             The game lasted 00:22:56 (9842 turns).

retryentry the Carver (Black Draconian Fighter)     Turns: 9842, Time: 00:22:57

HP:   -1/93 (94)    AC: 10    Str: 21 (23) XL:     10   Next: 25%
MP:   9/10          EV: 10    Int:  7 (8)  God:    Okawaru [*.....]
Gold: 424           SH:  9    Dex: 12 (13) Spells: 0 memorised, 9 levels left

rFire  + . .     SeeInvis .     i - +2 long sword (slice)
rCold  . . .     Gourm    .     (armour unavailable)
rNeg   + . .     Faith    .     b - +0 shield
rPois  .         Spirit   .     (helmet restricted)
rElec  +         Dismiss  .     (no cloak)
rCorr  .         Reflect  .     Q - +0 pair of gloves
SustAt .         Harm     .     E - +1 pair of boots
MR     .....                    (no amulet)
Stlth  +.........               y - ring of positive energy
                                w - ring of protection from fire

@: mighty, lethally poisoned (-1 -> -34), short of breath, slowed, very slow,
not resistant to hostile enchantments, very unstealthy
A: breathe lightning, unfitting armour, stinger 1, clumsy 1, deterioration 1,
mutation resistance 1, electricity resistance, cold-blooded, AC +7
a: Breathe Lightning, Heroism, Renounce Religion


You were on level 8 of the Dungeon.
You worshipped Okawaru.
Okawaru was aware of your devotion.
You were very hungry.

You visited 2 branches of the dungeon, and saw 10 of its levels.
You also visited: Sewer.

You collected 424 gold pieces.

Inventory:

Hand Weapons
 i - a +2 long sword of slicing (weapon)
 B - a +1 dagger of venom
Missiles
 G - a throwing net (quivered)
Armour
 b - a +0 shield (worn)
 E - a +1 pair of boots (worn)
 Q - a +0 pair of gloves (worn)
Jewellery
 w - a ring of protection from fire (left hand)
 y - a ring of positive energy (right hand)
 D - an uncursed ring of resist corrosion
Wands
 n - a wand of iceblast (8/15)
 p - a wand of iceblast (10/15)
 u - a wand of slowing (21/48)
 S - a wand of polymorph (0/24)
 T - a wand of polymorph (15/24)
Scrolls
 e - 9 scrolls of remove curse
 f - 3 scrolls of fog {unknown}
 g - 3 scrolls of enchant armour {unknown}
 h - 5 scrolls of blinking {unknown}
 j - a scroll of random uselessness {unknown}
 k - 2 scrolls of magic mapping {unknown}
 l - 2 scrolls of noise {unknown}
 q - a scroll of recharging {unknown}
 v - a scroll of enchant weapon {unknown}
 x - 2 scrolls of immolation {unknown}
 C - 4 scrolls of amnesia {unknown}
 I - 2 scrolls of teleportation {unknown}
 J - a scroll of fear {unknown}
 R - 2 scrolls of holy word {unknown}
Potions
 c - 2 potions of might
 m - 3 potions of agility
 t - a potion of haste
 z - a potion of mutation
 A - 3 potions of flight
 F - a potion of degeneration {unknown}
 H - a potion of berserk rage {unknown}
 K - 3 potions of heal wounds
 L - a potion of brilliance
 N - a potion of invisibility {unknown}
Comestibles
 d - 4 bread rations
 o - 3 fruits
 O - 3 meat rations


   Skills:
 + Level 10.8 Fighting
 * Level 11.7 Long Blades
 - Level 2.6 Dodging
 - Level 3.0 Shields


You had 9 spell levels left.
You didn't know any spells.

Dungeon Overview and Level Annotations

Branches:
Dungeon (9/15)             Temple (1/1) D:7            Lair (0/6) D:8
    Orc (0/2) D:9

Altars:
Ashenzari
Cheibriados
Dithmenos
Elyvilon
Fedhas
Gozag
Hepliaklqana
Kikubaaqudgha
Makhleb
Nemelex Xobeh
Okawaru
Pakellas
Qazlal
Sif Muna
Trog
Uskayaw
Vehumet
Xom
Yredelemnul
Zin
The Shining One

Shops:
D:6 *   D:8 *

Annotations:
D:8 Maurice


Innate Abilities, Weirdness & Mutations

You can breathe wild blasts of lightning.
Your glossy black scales are hard. (AC +7)
Your body does not fit into most forms of armour.
You are resistant to electric shocks. (rElec)
You are cold-blooded and may be slowed by cold attacks.
Your tail ends in a poisonous barb.
You are clumsy. (Dex -2)
Your body sometimes deteriorates upon taking damage.
You are somewhat resistant to further mutation.


Message History

You feel better.
You are engulfed in dark miasma.
You are poisoned.
You feel your flesh rotting away!
* * * LOW HITPOINT WARNING * * *
x2 You feel sick.
You block Maurice's attack. Maurice bites you but does no damage.
Unknown command.
You feel better.
You are engulfed in dark miasma.
You are lethally poisoned!
You feel yourself slow down.
* * * LOW HITPOINT WARNING * * *
x2 You feel sick.
You block Maurice's attack.
Unknown command.
Unknown command.
You breathe a wild blast of lightning!
You hear a mighty clap of thunder!
The bolt of lightning misses Maurice.
You hear a mighty clap of thunder!
You feel somewhat more hungry.
You are engulfed in dark miasma.
You are more poisoned.
You feel your flesh rotting away!
You die...

######
#....##################
#....'.......§§§......#
#....#.......§@k§.....#
#....####'###§§§......#
#####.......#.........#
#### #.......#.....##..#
...# #.......#.....##..#
.).####.......#.........#
.......########.........#
.......#.....##.....##..#
.......#.....#########..#


You could see Maurice the death drake.

Vanquished Creatures
  A griffon (D:9)
  The ghost of tstbtto the Carver, a novice HEFi of Cheibriados (D:7)
  A steam dragon (D:8)
  2 hippogriffs
  3 wargs (D:9)
  2 sky beasts (D:8)
  A necrophage (D:5)
  A black bear (D:8)
  An ice beast (D:5)
  A boggart (D:9)
  A phantom (D:9)
  6 ogres
  A centaur (D:9)
  3 big kobolds
  4 giant frogs
  A gnoll sergeant (D:5)
  A water moccasin zombie (D:7)
  A scorpion (D:6)
  A howler monkey (D:4)
  4 wights (D:6)
  4 crimson imps
  A giant frog zombie (D:5)
  2 hounds
  A centaur skeleton (D:8)
  5 orc priests
  A giant frog skeleton (D:7)
  Terence (D:3)
  3 iguanas
  5 orc wizards
  8 worker ants
  A hound zombie (D:9)
  A hound skeleton (D:4)
  Robin (D:1)
  14 adders
  14 gnolls
  2 shadow imps
  An ooze (D:7)
  An adder zombie (D:7)
  2 adder skeletons
  3 worms
  3 dart slugs
  3 giant geckos
  14 orcs
  9 bats
  7 giant cockroaches
  11 hobgoblins
  5 jackals (Sewer)
  3 quokkas
  10 ball pythons
  9 giant newts
  12 goblins
  A jackal zombie (D:8)
  25 kobolds
  10 rats
  2 plants (Sewer)
232 creatures vanquished.

Vanquished Creatures (others)
  A kobold (D:9)
1 creature vanquished.

Grand Total: 233 creatures vanquished

Notes
Turn   | Place    | Note
-------+----------+-------------------------------------------
     0 | D:1      | retryentry the Draconian Fighter began the quest for the Orb.
     0 | D:1      | Reached XP level 1. HP: 19/19 MP: 1/1
   177 | D:1      | Reached XP level 2. HP: 20/27 MP: 2/2
   510 | D:1      | Found a sparkling altar of Nemelex Xobeh.
   606 | D:2      | Noticed Robin
   651 | D:1      | Killed Robin
   651 | D:1      | Reached XP level 3. HP: 18/34 MP: 3/3
  1279 | D:2      | Reached XP level 4. HP: 34/41 MP: 4/4
  1538 | D:3      | Reached skill level 5 in Fighting
  1584 | D:3      | Reached skill level 3 in Long Blades
  1705 | D:3      | Found a white marble altar of Elyvilon.
  1715 | D:3      | Reached XP level 5. HP: 44/48 MP: 5/5
  1843 | D:3      | Found a hazy altar of Hepliaklqana.
  1884 | D:3      | Noticed Terence
  1892 | D:3      | Killed Terence
  2658 | D:4      | Noticed an ogre
  2675 | D:3      | Reached skill level 4 in Long Blades
  2797 | D:4      | Reached XP level 6. HP: 43/57 MP: 6/6
  3276 | D:4      | Reached skill level 5 in Long Blades
  3335 | D:4      | Your scales start taking on a glossy black colour.
  3335 | D:4      | Reached XP level 7. HP: 49/66 MP: 7/7
  3335 | D:4      | Gained mutation: You are resistant to electric shocks. (rElec) [Black Draconian growth]
  3430 | D:4      | Found a burning altar of Makhleb.
  3843 | D:5      | Entered Level 5 of the Dungeon
  3856 | D:5      | Reached skill level 6 in Long Blades
  4041 | D:5      | Found a glowing drain.
  4079 | Sewer    | Entered a sewer
  5027 | D:4      | Reached XP level 8. HP: 69/74 MP: 8/8
  5128 | D:5      | Reached skill level 7 in Long Blades
  5429 | D:6      | Found a glowing golden altar of the Shining One.
  5498 | D:6      | Found Torphegh's Assorted Antiques.
  5736 | D:6      | Reached skill level 8 in Long Blades
  6792 | D:7      | Reached XP level 9. HP: 74/84 MP: 9/9
  6846 | D:7      | Noticed tstbtto's ghost (novice HEFi)
  6902 | D:7      | Found a blossoming altar of Fedhas.
  6941 | D:7      | Reached skill level 9 in Long Blades
  6983 | D:7      | Killed tstbtto's ghost
  7265 | D:7      | Found a staircase to the Ecumenical Temple.
  7275 | Temple   | Entered the Ecumenical Temple
  7375 | Temple   | Became a worshipper of Warmaster Okawaru
  7603 | D:8      | Found Zin's Purification Station.
  7605 | D:8      | Found a glowing silver altar of Zin.
  7684 | D:8      | Found a staircase to the Lair.
  7732 | D:8      | Reached skill level 10 in Fighting
  7889 | D:8      | Reached skill level 10 in Long Blades
  7901 | D:8      | Gained mutation: You are clumsy. (Dex -2) [mutagenic meat]
  7904 | D:8      | Gained mutation: Your tail ends in a poisonous barb. [mutagenic meat]
  7907 | D:8      | Gained mutation: Your body sometimes deteriorates upon taking damage. [mutagenic meat]
  7913 | D:8      | Gained mutation: You are somewhat resistant to further mutation. [mutagenic meat]
  8167 | D:8      | Reached * piety under Okawaru
  8421 | D:9      | Noticed a centaur warrior
  8869 | D:9      | Reached skill level 11 in Long Blades
  8875 | D:9      | Noticed Maurice
  8878 | D:9      | Noticed Maurice
  8878 | D:9      | Maurice changed into Maurice the fire crab
  9254 | D:9      | Reached XP level 10. HP: 90/94 MP: 10/10
  9268 | D:9      | Noticed a griffon
  9299 | D:9      | Killed a griffon
  9466 | D:9      | Found a staircase to the Orcish Mines.
  9824 | D:9      | Noticed Maurice
  9824 | D:9      | Maurice the fire crab changed into Maurice the death drake
  9842 | D:8      | Engulfed by Maurice the death drake's foul pestilence

Vault maps used:
D:1:      lightli_arrival_chessboard, st_stairs_5, nemelex_diamond_rough_becter
D:2:      uniq_robin
D:3:      elyvilon_altar_4, marbit_many_paths, minivault_5, nrook_loot_triangle,
          uniq_terence
D:4:      bloody_makhleb
D:5:      portal_sewer_entry_b, first_bread, hex_medium
D:6:      tso_metal_star, serial_shops, kennysheep_mini_moat
D:7:      basic_altar
D:8:      zin_purify, dpeg_oklobed_lair
D:9:      minmay_cut_squares, nicolae_ru_sacrificial_ziggurat,
          minmay_orc_entry_guard_dogs, uniq_maurice
Temple:   nicolae_temple_elliptical
Sewer:    sewer_co_scattered_pipes

Skill      XL: |  1  2  3  4  5  6  7  8  9 |
---------------+----------------------------+-----
Fighting       | 4 5 6 7 8 9 10 | 10.8
Long Blades    | 3 4 5 6 8 11 | 11.7
Dodging        | |  2.6
Shields        | |  3.0

Action                   |  1- 3 |  4- 6 |  7- 9 | 10-12 || total
-------------------------+-------+-------+-------+-------++-------
Melee: Long sword        |   146 |   134 |   399 |    73 ||   752
       Tailslap          |     6 |    22 |   119 |    15 ||   162
       Dagger            |       |    58 |   213 |       ||   271
Invok: Heroism           |       |       |     1 |     1 ||     2
 Abil: Breathe Lightning |       |       |    22 |     4 ||    26
Evoke: Wand              |       |     5 |     1 |     7 ||    13
  Use: Scroll            |       |       |     8 |       ||     8
       Potion            |       |       |       |     4 ||     4
 Stab: Sleeping          |     2 |       |     1 |       ||     3
  Eat: Chunk             |     1 |     7 |    27 |     1 ||    36
       Pizza             |       |       |     1 |       ||     1
       Beef jerky        |       |       |     1 |       ||     1
Armor: Skin              |    44 |    50 |   172 |    19 ||   285
Dodge: Dodged            |    61 |    51 |   227 |    19 ||   358
Block: Shield            |    70 |    71 |   232 |    27 ||   400
